 Dungeon Crawl Stone Soup version 0.19.0-22-gd96e5fe (webtiles) character file.

1540 equalderp2856 the Gouger (level 8, -3/36 HPs)
             Began as a Felid Fighter on Nov 20, 2016.
             Slain by a four-headed hydra (14 damage)
             ... on level 13 of the Dungeon.
             The game lasted 00:43:27 (16003 turns).

equalderp2856 the Gouger (Felid Fighter)           Turns: 16003, Time: 00:43:28

Health: -3/36      AC:  2    Str: 13    XL:     8   Next: 56%
Magic:  18/18      EV: 26    Int: 12    God:
Gold:   639        SH:  0    Dex: 18    Spells: 0 memorised, 7 levels left
                                        Lives:  0   Deaths: 3

rFire  . . .     SeeInvis +       - Unarmed
rCold  . . .     Gourm    .     (armour unavailable)
rNeg   . . .     Faith    .     (shield unavailable)
rPois  .         Spirit   .     (helmet unavailable)
rElec  .         Reflect  .     (cloak unavailable)
rCorr  .         Harm     .     (gloves unavailable)
MR     +....                    (boots unavailable)
Stlth  +++++.....               u - amulet of magic regeneration
                                w - +2 ring of intelligence
                                j - ring of magical power

@: quick
A: no armour, no weapons or thrown items, stealth, claws 1, fangs 3, see
invisible, carnivore 3, speed 1, shaggy fur 2, slow metabolism 1, sharp paws
a: no special abilities


You were on level 13 of the Dungeon.
You were not hungry.

You visited 2 branches of the dungeon, and saw 14 of its levels.
You also visited: Ossuary.

You collected 639 gold pieces.

Inventory:

Missiles
 i - 216 arrows
 p - 33 bolts
 s - 7 curare-tipped needles
 y - 7 poisoned javelins
 B - 3 javelins
 C - 17 poisoned needles
Rods
 D - a +0 rod of ignition (14/14)
   (You found it on level 6 of the Dungeon)
Jewellery
 f - an uncursed ring of loudness
 j - a ring of magical power (left paw)
 q - an uncursed ring of protection from fire
 r - an uncursed ring of positive energy
 u - an amulet of magic regeneration (around neck)
 w - a +2 ring of intelligence (right paw)
 H - an uncursed ring of resist corrosion {unknown}
 I - the ring "Hiovury" {rPois Str+3 Dex+3, unknown}
   (You found it on level 8 of the Dungeon)

   [ring of dexterity]

   It affects your strength (+3).
   It affects your dexterity (+3).
   It protects you from poison.
Wands
 g - a wand of paralysis (15/24)
 x - a wand of random effects (29/48)
Scrolls
 e - a scroll of magic mapping {unknown}
 m - 5 scrolls of remove curse
 n - 7 scrolls of identify
 J - a scroll of enchant weapon {unknown}
 K - a scroll of random uselessness {unknown}
 L - a scroll of immolation {unknown}
 M - 2 scrolls of amnesia {unknown}
 N - a scroll of blinking {unknown}
Potions
 a - 2 potions of might
 c - 3 potions of brilliance {unknown}
 d - 4 potions of haste {unknown}
 h - 2 potions of degeneration {unknown}
 k - a potion of mutation {unknown}
 l - 2 potions of heal wounds {unknown}
 t - 2 potions of ambrosia {unknown}
 z - a potion of curing
 A - a potion of resistance {unknown}
 E - a potion of flight {unknown}
 G - a potion of agility {unknown}
Comestibles
 b - 3 meat rations
 o - 3 bread rations
 v - 2 slices of pizza
 F - 2 beef jerkies


   Skills:
 + Level 4.6 Fighting
 + Level 9.4 Dodging
 + Level 8.7 Stealth
 + Level 12.4 Unarmed Combat


You had 7 spell levels left.
You didn't know any spells.

Dungeon Overview and Level Annotations

Branches:
Dungeon (13/15)            Temple (1/1) D:7            Lair (0/6) D:8
    Orc (0/2) D:10
 Vaults: D:13-14

Altars:
Ashenzari
Cheibriados
Dithmenos
Elyvilon
Fedhas
Gozag
Hepliaklqana
Kikubaaqudgha
Makhleb
Nemelex Xobeh
Okawaru
Qazlal
Ru
Sif Muna
Trog
Uskayaw
Vehumet
Xom
Yredelemnul
Zin
The Shining One

Shops:
D:11 ?[

Annotations:
D:12 Fannar


Innate Abilities, Weirdness & Mutations

You cannot wear armour.
You are incapable of wielding weapons or throwing items.
Your paws allow you to move quietly. (Stealth)
You have sharp claws.
You have razor-sharp teeth.
You have supernaturally acute eyesight. (SInv)
You are carnivorous and can eat meat at any time.
You cover ground quickly.
You are covered in thick fur. (AC +2)
You have a slow metabolism.
Your sharp claws are effective at attacking unaware monsters.


Message History

You climb downwards.
The four-headed hydra completely misses you.
The four-headed hydra bites you.
The four-headed hydra barely misses you.
The four-headed hydra misses you. The ice beast misses you.
The four-headed hydra closely misses you.
The four-headed hydra completely misses you. x2
The four-headed hydra bites you! The ice beast misses you.
There is a stone staircase leading up, spattered with blood here.
You scratch the four-headed hydra.
The four-headed hydra is lightly wounded.
You claw the four-headed hydra! Your bite misses the four-headed hydra.
The four-headed hydra is moderately wounded.
The four-headed hydra completely misses you. x2
The four-headed hydra bites you!
The four-headed hydra barely misses you.
You scratch the four-headed hydra. You claw the four-headed hydra.
The four-headed hydra is moderately wounded.
The four-headed hydra bites you!
You die...

#..# #..#
+..# #..#
#..##
#...#####
#.Y.....#
###D##+###
#..@...#
##+#.######
#.........#
+.........#
#.........#
#...(.....#
#.........#
#.........#
#.........#


You could see a four-headed hydra and an ice beast.

Vanquished Creatures
  A hill giant (D:10)
  A two-headed ogre (D:9)
  A hippogriff (D:10)
  A wraith (D:10)
  A wyvern (D:12)
  An orc warrior (D:7)
  An ice beast (D:7)
  2 phantoms
  3 sky beasts
  A black bear (D:8)
  An eye of draining (D:9)
  5 ogres
  5 centaurs
  2 crocodiles (D:8)
  4 bullfrogs (D:8)
  2 elf zombies (D:4)
  An elf skeleton (D:4)
  A scorpion (D:4)
  10 killer bees
  4 wights (D:7)
  2 centaur zombies
  2 crimson imps
  2 jellies
  2 orc priests (D:7)
  2 bullfrog skeletons
  A centaur skeleton (D:8)
  3 hounds
  5 orc wizards
  2 iguanas
  11 worker ants
  2 killer bee zombies (D:9)
  A big kobold zombie (Ossuary)
  A hound zombie (D:7)
  2 hound skeletons
  2 mummies (Ossuary)
  10 adders
  A howler monkey zombie (D:8)
  3 oozes
  6 worms
  4 dart slugs
  3 leopard geckos
  16 orcs
  7 giant cockroaches
  4 gnoll zombies (Ossuary)
  5 goblins
  3 hobgoblins
  7 jackals
  5 quokkas
  A ball python (D:1)
  11 bats
  7 frilled lizards
  4 goblin zombies (Ossuary)
  3 hobgoblin zombies (Ossuary)
  A jackal skeleton (D:7)
  4 kobolds
  An orc skeleton (D:4)
  3 orc zombies
  2 quokka skeletons
  10 rats
209 creatures vanquished.

Vanquished Creatures (others)
  38 fungi (D:8)
  8 plants (D:8)
46 creatures vanquished.

Grand Total: 255 creatures vanquished

Notes
Turn   | Place    | Note
-------+----------+-------------------------------------------
     0 | D:1      | equalderp2856 the Felid Fighter began the quest for the Orb.
     0 | D:1      | Reached XP level 1. HP: 10/10 MP: 2/2
   330 | D:1      | Reached XP level 2. HP: 9/14 MP: 3/3
   740 | D:1      | Reached XP level 3. HP: 14/17 MP: 4/4
  1529 | D:2      | Reached skill level 5 in Unarmed Combat
  2003 | D:3      | Reached XP level 4. HP: 14/21 MP: 5/5
  2316 | D:3      | Reached skill level 1 in Stealth
  2725 | D:3      | Found a stormy altar of Qazlal.
  2872 | D:3      | Slain by a worm
  2873 | D:3      | Reached XP level 3. HP: 0/17 MP: 4/4
  3176 | D:4      | Noticed a centaur
  3184 | D:4      | Killed a centaur
  3184 | D:4      | Reached XP level 4. HP: 8/21 MP: 5/5
  3249 | D:4      | Reached XP level 5. HP: 13/24 MP: 6/6
  3291 | D:4      | Found a sand-covered staircase.
  3319 | D:4      | Reached skill level 5 in Dodging
  3319 | D:4      | Reached skill level 6 in Unarmed Combat
  3388 | D:4      | Gained mutation: You are covered in thick fur. (AC +2) [Felid growth]
  3388 | D:4      | Reached XP level 6. HP: 12/28 MP: 7/7
  3444 | Ossuary  | Entered an ossuary
  4575 | D:4      | Reached skill level 7 in Unarmed Combat
  4686 | D:4      | Reached XP level 7. HP: 31/31 MP: 8/8
  5247 | D:5      | Entered Level 5 of the Dungeon
  5694 | D:5      | Reached skill level 8 in Unarmed Combat
  5816 | D:5      | Reached skill level 5 in Stealth
  6528 | D:5      | Reached XP level 8. HP: 27/36 MP: 9/9
  7810 | D:6      | Identified a +0 rod of ignition (14/14) (You found it on level 6 of the Dungeon)
  7984 | D:7      | Found a staircase to the Ecumenical Temple.
  7987 | D:7      | Noticed a moth of wrath
  7989 | D:7      | Reached skill level 9 in Unarmed Combat
  8464 | D:7      | Found a bloodstained altar of Trog.
  9327 | D:7      | Reached skill level 10 in Unarmed Combat
 10376 | D:7      | Reached XP level 9. HP: 27/39 MP: 10/10
 10633 | Temple   | Entered the Ecumenical Temple
 10736 | D:8      | Found a white marble altar of Elyvilon.
 10889 | D:8      | Got a heavily runed lead ring
 11226 | D:8      | Found a hide-covered altar of Uskayaw.
 11371 | D:8      | Found a staircase to the Lair.
 11611 | D:9      | Reached skill level 11 in Unarmed Combat
 14163 | D:9      | Reached skill level 12 in Unarmed Combat
 14163 | D:9      | Reached XP level 10. HP: 43/43 MP: 11/11
 14977 | D:10     | Entered Level 10 of the Dungeon
 15106 | D:10     | Noticed a hill giant
 15118 | D:10     | Killed a hill giant
 15139 | D:10     | Found a staircase to the Orcish Mines.
 15140 | D:10     | Slain by an orc warrior
 15141 | D:10     | Reached XP level 9. HP: -3/39 MP: 19/19
 15410 | D:10     | Killed from afar by an electric eel
 15411 | D:10     | Reached XP level 8. HP: -9/36 MP: 18/18
 15413 | D:11     | Found Bouv Mav's Antique Armour Emporium.
 15447 | D:11     | Found Asecs's Magic Scroll Emporium.
 15682 | D:12     | Noticed Fannar
 15698 | D:12     | Noticed a gargoyle
 15710 | D:13     | Noticed a four-headed hydra
 15714 | D:13     | Noticed a hill giant
 16003 | D:13     | Slain by a four-headed hydra

Skill      XL: |  1  2  3  4  5  6  7  8  9 10 |
---------------+-------------------------------+-----
Unarmed Combat | 5 6 7 8 10 12 | 12.4
Stealth        | 2 1 3 4 5 6 8 |  8.7
Dodging        | 5 6 7 8 9 |  9.4
Fighting       | 4 |  4.6

Action                   |  1- 3 |  4- 6 |  7- 9 | 10-12 || total
-------------------------+-------+-------+-------+-------++-------
Melee: Unarmed           |   117 |   137 |   466 |    34 ||   754
       Bite              |    10 |    15 |    56 |     5 ||    86
       Punch             |     4 |     5 |    25 |       ||    34
  Use: Potion            |     2 |     1 |       |     2 ||     5
       Scroll            |       |       |     7 |     3 ||    10
 Stab: Sleeping          |       |     8 |    12 |     2 ||    22
       Distracted        |       |       |     3 |     1 ||     4
  Eat: Chunk             |     5 |     6 |    22 |     1 ||    34
Armor: Skin              |     3 |     2 |    28 |       ||    33
Dodge: Dodged            |    82 |    86 |   449 |    30 ||   647
